 Dungeon Crawl Stone Soup version 0.31.0-11-ge490571c62 (webtiles) character file.

Game seed: 4436646062433010848

732 Arcadio the Thaumaturge (level 7, -2/36 HPs)
             Began as a Deep Elf Conjurer on Jan 29, 2024.
             Was an Initiate of Sif Muna.
             Slain by a gnoll
             ... wielding a +0 spear
              (6 damage)
             ... on level 5 of the Dungeon.
             The game lasted 00:07:13 (5076 turns).

Arcadio the Thaumaturge (Deep Elf Conjurer)         Turns: 5076, Time: 00:07:13

Health: -2/36      AC:  5    Str:  4    XL:     7   Next: 45%
Magic:  1/20       EV: 13    Int: 25    God:    Sif Muna [......]
Gold:   235        SH:  0    Dex: 20    Spells: 19/22 levels left

rFire   + . .        f - +0 dagger
rCold   + . .        (no shield)
rNeg    + . .        q - +1 robe of Gocuj {^Contam rF+ rC+}
rPois   .            n - +0 helmet
rElec   +            t - +0 cloak
rCorr   .            (no gloves)
SInv    .            (no boots)
Will    +....        (no amulet)
Stlth   ++           k - ring "Hecwis" {rC+ rN+ Dex+4}
HPRegen 0.26/turn    s - ring of Skepticism {Fly rElec rC- Will+ Dex+3}
MPRegen 0.17/turn

%: no passive effects
@: flying
A: no striking features
a: Renounce Religion


You were on level 5 of the Dungeon.
You worshipped Sif Muna.
Sif Muna was noncommittal.
You visited 2 branches of the dungeon, and saw 6 of its levels.

You collected 235 gold pieces.

Inventory:

Hand Weapons
 c - a +0 morningstar
 f - a +0 dagger (weapon)
Armour
 a - a +0 robe
 n - a +0 helmet (worn)
 q - the +1 robe of Gocuj (worn) {^Contam rF+ rC+}
   (You found it on level 3 of the Dungeon)

   rF+:       It protects you from fire.
   rC+:       It protects you from cold.
   ^Contam:   It causes magical contamination when unequipped.
 t - a +0 cloak (worn)
Jewellery
 k - the ring "Hecwis" (left hand) {rC+ rN+ Dex+4}
   (You found it on level 2 of the Dungeon)

   [ring of protection from cold]

   Dex+4:     It affects your dexterity (+4).
   rC+:       It protects you from cold.
   rN+:       It protects you from negative energy.
 m - a ring of see invisible
 s - the ring of Skepticism (right hand) {Fly rElec rC- Will+ Dex+3}
   (You found it on level 3 of the Dungeon)

   [ring of flight]

   Dex+3:     It affects your dexterity (+3).
   rC-:       It makes you vulnerable to cold.
   rElec:     It insulates you from electricity.
   Will+:     It increases your willpower.
   Fly:       It grants you flight.
Wands
 v - a wand of digging (5)
Scrolls
 e - 2 scrolls of teleportation
 g - 2 scrolls of revelation
 h - a scroll of immolation {unknown}
 l - 2 scrolls of fog {unknown}
 o - 2 scrolls of torment
 u - 2 scrolls of amnesia {unknown}
 w - a scroll of noise {unknown}
Potions
 b - 3 potions of magic
 d - 3 potions of might
 i - a potion of curing
 j - a potion of heal wounds {unknown}
 p - a potion of enlightenment {unknown}


   Skills:
 - Level 2.4 Dodging
 - Level 2.4 Stealth
 + Level 8.2 Spellcasting
 + Level 7.8 Conjurations


You had 19 spell levels left.
You knew the following spells:

 Your Spells              Type           Power      Damage    Failure   Level
a - Magic Dart            Conj           100%       1d8       1%          1
b - Searing Ray           Conj           98%        2d8       1%          2

Your spell library contained the following spells:

 Spells                   Type           Power      Damage    Failure   Level
 Stone Arrow              Conj/Erth      58%        3d10      3%          3
 Sandblast                Erth           20%        2d7       6%          1
 Brom's Barrelling Bould  Conj/Erth      29%        2d5       12%         4
 Fulminant Prism          Conj/Alch      14%        3d8       12%         4
 Iskenderun's Mystic Bla  Conj/Tloc      29%        2d7       12%         4
 Ozocubu's Armour         Ice            10%        N/A       19%         3
 Passwall                 Erth           10%        N/A       19%         3
 Metabolic Englaciation   Hex/Ice        5%         N/A       86%         5
 Sculpt Simulacrum        Ice/Alch       5%         N/A       100%        6


Dungeon Overview and Level Annotations

Branches:
Dungeon (5/15)             Temple (1/1) D:4

Altars:
Ashenzari
Cheibriados
Dithmenos
Elyvilon
Fedhas
Kikubaaqudgha
Makhleb
Nemelex Xobeh
Okawaru
Ru
Sif Muna
Trog
Xom
Zin
The Shining One

Annotations:
D:5 1 transporter


Message History

You kill the orc wizard!
Sif Muna accepts your kill. (Press . to maintain the ray.)
The gnoll barely misses you.
Casting: Searing Ray (safe; 1% risk of failure)
Confirm with . or Enter, or press ? or * to list all spells.
Restarting spell: Searing Ray (safe; 1% risk of failure)
Press: ? - help, Shift-Dir - straight line, f - gnoll
Aim: a gnoll, wielding a +0 spear (85% to hit)
The searing ray misses the gnoll.
The searing ray hits the orc!
You kill the orc!
Sif Muna accepts your kill. (Press . to maintain the ray.)
The gnoll hits you from afar with a +0 spear.
* * * LOW HITPOINT WARNING * * *
The searing ray hits the gnoll.
The gnoll is moderately wounded.
The gnoll hits you from afar with a +0 spear.
* * * LOW HITPOINT WARNING * * *
Without enough magic to sustain it, your searing ray dissipates.
The gnoll hits you from afar with a +0 spear.
* * * LOW HITPOINT WARNING * * *
Casting: Searing Ray (safe; 1% risk of failure)
Confirm with . or Enter, or press ? or * to list all spells.
You don't have enough magic to cast this spell.
Casting: Searing Ray (safe; 1% risk of failure)
Confirm with . or Enter, or press ? or * to list all spells.
You don't have enough magic to cast this spell.
Casting: Searing Ray (safe; 1% risk of failure)
Confirm with . or Enter, or press ? or * to list all spells.
You don't have enough magic to cast this spell.
Casting: Searing Ray (safe; 1% risk of failure)
Confirm with . or Enter, or press ? or * to list all spells.
You don't have enough magic to cast this spell.
Casting: Searing Ray (safe; 1% risk of failure)
Confirm with . or Enter, or press ? or * to list all spells.
You don't have enough magic to cast this spell.
The gnoll attacks as it pursues you!
The gnoll hits you from afar with a +0 spear.
You die...

#.# #)#
# .). #.
#)#
###)##>#
#......#
#.###)g#
#..#
#.###.@#
#......#
#####..#
#..#
#..###.#
#......#
....#.#.
#.######
#.#.#.#.
#.#
#.#.....
#.#
#.#.....


You could see a gnoll.

Vanquished Creatures
  Sigmund (D:3)
  A water moccasin (D:5)
  A sky beast (D:4)
  A jelly (D:4)
  2 orc priests
  An iguana (D:4)
  2 orc wizards
  6 gnolls
  5 adders
  5 ribbon worms
  3 dart slugs
  6 orcs
  5 endoplasms
  2 giant cockroaches
  10 goblins
  10 hobgoblins
  7 jackals
  6 quokkas
  7 ball pythons
  3 bats (D:1)
  A frilled lizard (D:1)
  8 kobolds
  4 rats
97 creatures vanquished.

Notes
Turn   | Place    | Note
-------+----------+-------------------------------------------
     0 | D:1      | Arcadio the Deep Elf Conjurer began the quest for the Orb.
     0 | D:1      | Reached XP level 1. HP: 10/10 MP: 6/6
   173 | D:1      | Reached XP level 2. HP: 13/15 MP: 1/8
   854 | D:1      | Learned a level 2 spell: Searing Ray
   902 | D:1      | Reached skill level 4 in Spellcasting
   985 | D:1      | Reached skill level 5 in Conjurations
  1028 | D:1      | Reached XP level 3. HP: 19/19 MP: 8/10
  1557 | D:2      | Identified the ring "Hecwis" {rC+ rN+ Dex+4}
  1601 | D:2      | Reached XP level 4. HP: 16/24 MP: 1/12
  1917 | D:2      | Reached skill level 5 in Spellcasting
  2674 | D:3      | Noticed Sigmund
  2684 | D:3      | Killed Sigmund
  2685 | D:3      | Reached skill level 6 in Spellcasting
  2685 | D:3      | Reached XP level 5. HP: 28/28 MP: 5/15
  2685 | D:3      | Reached XP level 6. HP: 32/32 MP: 5/17
  3044 | D:3      | Identified the +1 robe of Gocuj {^Contam rF+ rC+}
  3493 | D:3      | Identified the ring of Skepticism {Fly rElec rC- Will+
                  | Dex+3}
  3761 | D:4      | Noticed a sky beast
  3771 | D:4      | Killed a sky beast
  3772 | D:4      | Reached skill level 7 in Spellcasting
  3867 | D:4      | Identified the orb of Divine Compulsion {guile, Fire}
  4101 | D:4      | Reached XP level 7. HP: 36/36 MP: 14/19
  4131 | D:4      | Found a staircase to the Ecumenical Temple.
  4140 | Temple   | Entered the Ecumenical Temple
  4179 | Temple   | Became a worshipper of Sif Muna the Loreminder
  4820 | D:5      | Entered Level 5 of the Dungeon
  4866 | D:5      | Found a transporter.
  5063 | D:5      | Reached skill level 8 in Spellcasting
  5076 | D:5      | Slain by a gnoll

Illustrated notes

Levels and vault maps discovered:
D:1:      shiori_arrival_elements, layout_basic
D:2:      layout_basic, serial_corexii_hall, corexii_hall_statues_t,
          corexii_hall_statues_l, corexii_hall_statues_l
D:3:      minmay_general_purpose_star, layout_basic, glass_columns_c,
          st_stairs_13, palyth_stone_intersect, uniq_sigmund
D:4:      layout_loops_ring, minmay_temple_entry_stoned_glass,
          minmay_tree_intersection, serial_park_tiny_2, minivault_26
D:5:      gammafunk_cloud_chamber, layout_loops_ring
Temple:   regret_index_temple_generic_petals

Skill      XL: |  1  2  3  4  5  6  7 |
---------------+----------------------+-----
Spellcasting   | 4 6 7 8 |  8.2
Conjurations   | 5 6 7 |  7.8
Dodging        | |  2.4
Stealth        | |  2.4

Action                     |  1- 3 |  4- 6 |  7- 9 || total
---------------------------+-------+-------+-------++-------
  Melee: Unarmed           |     1 |       |       ||     1
         Dagger            |    10 |    10 |       ||    20
   Cast: Magic Dart        |    56 |    11 |       ||    67
         Searing Ray       |    10 |    38 |    17 ||    65
    Use: Scroll            |       |       |     5 ||     5
   Stab: Sleeping          |       |     2 |       ||     2
 Armour: Robe              |    12 |    17 |    10 ||    39
  Dodge: Dodged            |    12 |    10 |     5 ||    27
